 Dungeon Crawl Stone Soup version 0.31-a0-221-gbddc013574 (webtiles) character file.

Game seed: 10699850171808152696

150979 qw the Severer (level 17, -57/110 HPs)
             Began as a Gargoyle Fighter on July 4, 2023.
             Was an Elder of Okawaru.
             Killed from afar by Nikola (93 damage)
             ... with an arc of chain lightning
             ... on level 1 of the Snake Pit.
             The game lasted 00:16:29 (27183 turns).

qw the Severer (Gargoyle Fighter)                  Turns: 27183, Time: 00:16:30

Health: -57/110    AC: 44    Str: 34    XL:     17   Next: 54%
Magic:  22/22      EV: 15    Int:  9    God:    Okawaru [****..]
Gold:   1382       SH: 20    Dex:  9    Spells: 16/16 levels left

rFire   + + .        Y - +3 broad axe (flame)
rCold   . . .        c - +0 tower shield
rNeg    + . .        C - +4 plate armour {rF+}
rPois   inf          q - +2 hat {SInv}
rElec   +            D - scarf {repulsion}
rCorr   .            j - +2 pair of gloves
SInv    +            u - +2 pair of boots of Purpose {rF+}
Will    +....        h - amulet of faith Stlth
                     k - +5 ring of evasion
HPRegen 0.38/turn    e - +6 ring of strength
MPRegen 0.18/turn

%: repel missiles, faith
@: about to teleport, heroic, flying
A: sickness immunity, AC +12, big wings, negative energy resistance 1,
electricity resistance, torment resistance 1, petrification resistance, low MP 1
a: Renounce Religion, Heroism, Finesse


You were on level 1 of the Snake Pit.
You worshipped Okawaru.
Okawaru was greatly pleased with you.
You visited 6 branches of the dungeon, and saw 27 of its levels.
You visited the Abyss 1 time.

You collected 2414 gold pieces.
You spent 1032 gold pieces at shops.


Innate Abilities, Weirdness & Mutations

You are immune to sickness and miasma.
Your stone body is resilient. (AC +12)
You are immune to poison.
Your large and strong wings let you fly.
You resist negative energy. (rN+)
You are resistant to electric shocks. (rElec)
You are resistant to unholy torment.
You are immune to petrification.
Your magical capacity is low. (-10% MP)


   Skills:
 - Level 13.7(18.7) Fighting
 - Level 18.0(23.0) Axes
 - Level 7.0(12.0) Throwing
 - Level 12.0(17.0) Armour
 - Level 3.0(8.0) Dodging
 + Level 16.0(21.0) Shields
 - Level 10.0 Invocations


You had 16 spell levels left.
You didn't know any spells.
Your spell library was empty.

Inventory:

Hand Weapons
 Y - a +3 broad axe of flaming (weapon)
Missiles
 a - 10 javelins
 x - 13 boomerangs
 z - 7 silver javelins (quivered)
Armour
 c - a +0 tower shield (worn)
 j - a +2 pair of gloves (worn)
 l - a +1 helmet
 n - a +0 cloak
 q - a +2 hat of see invisible (worn)
 u - the +2 pair of boots of Purpose (worn) {rF+}
   (Okawaru gifted it to you on level 3 of the Lair of Beasts)

   rF:        It protects you from fire.
 B - a +2 tower shield of protection
 C - a +4 plate armour of fire resistance (worn)
 D - a scarf of repulsion (worn)
Jewellery
 e - a +6 ring of strength (right hand)
 h - an amulet of faith (around neck)
 k - a +5 ring of evasion (left hand)
 o - a ring of resist corrosion
 s - a ring of protection from fire
 y - a ring of ice
 F - a ring of protection from fire
Wands
 w - a wand of digging (10)
Scrolls
 f - 4 scrolls of teleportation
 m - 16 scrolls of identify
Potions
 b - 3 potions of attraction
 d - 3 potions of might
 g - 2 potions of heal wounds
 i - 3 potions of cancellation
 p - 10 potions of curing
 r - 6 potions of lignification
 t - a potion of enlightenment
 v - 2 potions of magic
 A - 4 potions of mutation

Dungeon Overview and Level Annotations

Branches:
Dungeon (15/15)            Temple (1/1) D:5            Lair (5/5) D:11
  Swamp (3/4) Lair:3        Snake (1/4) Lair:2        Slime (0/5) Lair:4
    Orc (2/2) D:9             Elf (0/3) Orc:2        Vaults (0/5) D:14
 Depths (0/4) D:15

Altars:
Ashenzari
Cheibriados
Dithmenos
Elyvilon
Fedhas
Gozag
Hepliaklqana
Kikubaaqudgha
Makhleb
Nemelex Xobeh
Okawaru
Qazlal
Ru
Sif Muna
Trog
Uskayaw
Vehumet
Wu Jian
Xom
Yredelemnul
Zin
The Shining One
Jiyva

Shops:
D:5 **   D:8 *   Orc:2 *:[(

Portals:
Abyss: D:9
Bailey: D:7

Annotations:
D:2 1 runed translucent door, Crazy Yiuf
D:9 2 transporters, qw's ghost, novice MiHs
D:11 1 runed translucent door, dangerrune1's ghost, journeyman GrEE
Snake:1 Nikola
Orc:2 3 runed translucent doors, qw's ghost, journeyman GrFi


Message History

Nikola is lightly wounded.
Nikola mumbles some strange words.
Nikola blinks!
Nikola points at you and mumbles some strange words.
The bolt of lightning misses you.
You hear an angry hiss.
You hear a shout!
Nikola casts a spell.
Nikola blinks!
Nikola casts a spell.
Nikola blinks!
You slice Nikola!! You burn Nikola!
Nikola is lightly wounded.
Nikola hits you but does no damage.
You barely miss Nikola.
Nikola is lightly wounded.
You slash Nikola! You burn Nikola.
Nikola is moderately wounded.
A black mamba comes into view.
Nikola gestures wildly while chanting.
Lightning arcs from Nikola's hands!
The bolt of lightning hits you!!! You resist.
Ouch! That really hurt!
A bolt of lightning appears from out of thin air!
The bolt of lightning hits Nikola.
The black mamba hisses angrily.
You hear a shout! x3
You barely miss Nikola.
Nikola is moderately wounded.
Nikola gestures at you while chanting. The bolt of lightning hits you!
You resist.
27182 ||| READING 5 scrolls of teleportation.
As you read the scroll of teleportation, it crumbles to dust.
You feel strangely unstable. You block Nikola's attack.
27183 ||| DRINKING 3 potions of heal wounds.
You feel much better.
Nikola gestures wildly while chanting.
Lightning arcs from Nikola's hands!
The bolt of lightning hits you!!!! You resist.
Ouch! That really hurt!
You die...

##############
######.............
##...............:..
###..................
###............@.....#
##.....#######..@....#
.....### #.......# ...###
#....S.#####
....##########..........###
.)...##...................##
....................)).....#
............#######.........#
...........## #..........#
#..........# #............#


You could see Nikola (empowered) and a black mamba.

Vanquished Creatures
  Jorgrun (D:12)
  Kirke (D:15)
  Gastronok (D:8)
  Frances (Swamp:1)
  Roxanne (D:14)
  A thorn hunter (Swamp:1)
  Louise (D:15)
  Aizul (Snake:1)
  An orc warlord (Orc:2)
  Nessos (Lair:3)
  2 eleionomae
  2 bunyips
  An ettin (Orc:1)
  Snorg (D:12)
  A yaktaur captain (D:14)
  A shambling mangrove (Swamp:2)
  10 hydras
  2 catoblepae
  A rakshasa (D:15)
  Fannar (D:12)
  3 ogre magi
  2 anacondas (Snake:1)
  6 centaur warriors
  9 alligators
  13 two-headed ogres
  3 boulder beetles
  8 death yaks (Lair:5)
  3 naga warriors (Snake:1)
  An orc high priest (Orc:2)
  A naga sharpshooter (Snake:1)
  A deep elf knight (D:13)
  Sonja (D:13)
  2 skysharks
  3 goliath frogs
  A spriggan druid (Swamp:1)
  A glowing orange brain (D:15)
  4 swamp dragons
  A naga ritualist (Snake:1)
  4 bog bodies
  5 orc knights
  A wizard (D:15)
  A deep elf pyromancer (D:13)
  3 mana vipers (Snake:1)
  8 orc sorcerers
  A manticore (D:13)
  7 cyclopes
  3 salamanders (Snake:1)
  A cyclops (shapeshifter) (D:13)
  18 ugly things
  3 will-o-the-wisps
  Maurice (D:8)
  15 black mambas
  12 elephants
  3 naga magi (Snake:1)
  2 torpor snails
  A gargoyle (D:12)
  10 cane toads
  An unseen horror (D:12)
  Maggie (D:8)
  Psyche (D:12)
  A kobold demonologist (D:10)
  2 yaktaurs (D:14)
  2 rime drakes
  5 komodo dragons
  3 meliai (D:15)
  4 tyrant leeches
  4 trolls
  Prince Ribbit (D:8)
  11 hornets
  A bloated husk (Swamp:3)
  29 blink frogs
  6 polar bears
  Grinder (D:4)
  2 dream sheep (Lair:5)
  11 slime creatures
  Sigmund (D:3)
  2 centaur simulacra (D:15)
  18 spriggans
  6 water elementals
  2 wraiths
  4 shadows
  A vampire (D:12)
  7 hogs (D:15)
  72 yaks
  3 basilisks
  A fire bat (shapeshifter) (D:15)
  4 wyverns
  3 steam dragons
  A basilisk (shapeshifter) (D:14)
  Eustachio (D:4)
  14 vampire mosquitoes
  A redback (shapeshifter) (D:15)
  Menkaure (D:4)
  6 wargs
  10 swamp worms
  21 water moccasins
  An acid dragon (D:13)
  5 nagas (Snake:1)
  3 swamp drakes (Swamp:3)
  27 orc warriors
  2 ice beasts
  A sky beast (D:6)
  3 black bears (Lair:5)
  25 ogres
  3 boggarts (Lair:5)
  11 centaurs
  31 wolves
  5 kobold brigands
  9 bullfrogs
  A gnoll sergeant (D:12)
  16 wights
  10 killer bees (D:9)
  16 electric eels
  3 howler monkeys
  2 lava snakes (Lair:1)
  3 hounds
  15 orc priests
  2 jellies (D:7)
  A sleepcap (D:8)
  3 gnoll boudas
  Jessica (D:2)
  6 iguanas
  21 orc wizards
  4 adders
  2 river rats (D:3)
  18 gnolls
  A white imp (D:8)
  An ufetubus (D:6)
  A worm (D:2)
  2 dart slugs
  65 orcs
  11 ball pythons
  11 bats
  2 endoplasms (D:1)
  5 giant cockroaches
  16 goblins
  8 hobgoblins
  3 jackals (D:1)
  22 kobolds
  3 quokkas
  2 frilled lizards
  14 rats
876 creatures vanquished.

Vanquished Creatures (others)
  A spriggan (Swamp:1)
  A will-o-the-wisp (Swamp:3)
  3 bloated husks
  A hornet (Swamp:1)
  A swamp worm (Swamp:1)
  23 foxfires
30 creatures vanquished.

Grand Total: 906 creatures vanquished

Notes
Turn   | Place    | Note
-------+----------+-------------------------------------------
     0 | D:1      | qw the Gargoyle Fighter began the quest for the Orb.
     0 | D:1      | Reached XP level 1. HP: 14/14 MP: 1/1
     0 | D:1      | 0 ||| qw: Version: 0.3-a-40-ge99b1a8
     0 | D:1      | 0 ||| qw: Game counter: 685
     0 | D:1      | 0 ||| qw: Melee chars always use a shield: true
     0 | D:1      | 0 ||| qw: God list: Okawaru
     0 | D:1      | 0 ||| qw: Allow faded altars: false
     0 | D:1      | 0 ||| qw: Do Orc after clearing Dungeon:15 true
     0 | D:1      | 0 ||| qw: Do second Lair branch before Depths: true
     0 | D:1      | 0 ||| qw: Lair rune preference: random
     0 | D:1      | 0 ||| qw: Goals: Normal, Zot:1-4, Slime:5, God:TSO, Crypt,
                  | Tomb, Abyss, Pan, Hells, Win
     0 | D:1      | 0 ||| PLANNING D:1-11
    79 | D:1      | Reached skill level 2 in Axes
   127 | D:1      | Reached XP level 2. HP: 17/19 MP: 2/2
   495 | D:1      | Reached skill level 3 in Axes
   584 | D:1      | Reached XP level 3. HP: 23/23 MP: 3/3
   589 | D:1      | 589 ||| Stepping ~*~*~tactically~*~*~ (hiding).
   905 | D:1      | 905 ||| READING scroll labelled GOPNYSHI ZEDETH.
   909 | D:1      | 909 ||| READING scroll labelled IHAMYZ ZOITU.
   910 | D:1      | 910 ||| READING scroll labelled JOOMIP ZYUPN.
   911 | D:1      | 911 ||| READING scroll labelled PENOMM JIENUE.
   974 | D:2      | Noticed Jessica
   975 | D:2      | 975 ||| Stepping ~*~*~tactically~*~*~ (hiding).
   982 | D:2      | Killed Jessica
   983 | D:2      | Reached XP level 4. HP: 28/28 MP: 4/4
  1162 | D:2      | 1162 ||| Stepping ~*~*~tactically~*~*~ (stealth).
  1163 | D:2      | 1163 ||| Stepping ~*~*~tactically~*~*~ (stealth).
  1163 | D:2      | Found a faded altar of an unknown god.
  1165 | D:2      | 1165 ||| Stepping ~*~*~tactically~*~*~ (hiding).
  1218 | D:2      | 1218 ||| Stepping ~*~*~tactically~*~*~ (stealth).
  1221 | D:2      | 1221 ||| Stepping ~*~*~tactically~*~*~ (stealth).
  1538 | D:2      | Found a runed translucent door.
  1539 | D:2      | Noticed Crazy Yiuf
  1542 | D:2      | 1542 ||| UPGRADING to +1 hat.
  1547 | D:2      | 1547 ||| UPGRADING to +0 pair of gloves.
  1552 | D:2      | 1552 ||| UPGRADING to +1 helmet.
  1562 | D:2      | 1562 ||| DROPPING +1 hat.
  1563 | D:2      | 1563 ||| UPGRADING to amulet of faith.
  1568 | D:2      | 1568 ||| UPGRADING to +6 ring of strength.
  1569 | D:2      | 1569 ||| DRINKING 3 glowing blue potions.
  1607 | D:3      | 1607 ||| PLANNING SEWER
  1618 | D:3      | Reached skill level 4 in Axes
  1724 | D:3      | Identified the +3 ring mail of the Tick {rPois}
  1796 | D:3      | Reached skill level 1 in Throwing
  1875 | D:3      | 1875 ||| FLEEEEING.
  1931 | D:3      | Identified the +2 chain mail of Xemeod {rPois}
  1950 | D:3      | Reached XP level 5. HP: 23/32 MP: 5/5
  1991 | D:3      | 1991 ||| Stepping ~*~*~tactically~*~*~ (stealth).
  1993 | D:3      | 1993 ||| Stepping ~*~*~tactically~*~*~ (stealth).
  1998 | D:3      | Noticed Sigmund
  1999 | D:3      | 1999 ||| FLEEEEING.
  2000 | D:3      | 2000 ||| FLEEEEING.
  2001 | D:3      | 2001 ||| FLEEEEING.
  2007 | D:3      | 2007 ||| FLEEEEING.
  2025 | D:3      | Killed Sigmund
  2026 | D:3      | Reached skill level 5 in Axes
  2026 | D:3      | Reached XP level 6. HP: 15/37 MP: 6/6
  2074 | D:3      | 2074 ||| FLEEEEING.
  2075 | D:3      | 2075 ||| FLEEEEING.
  2076 | D:3      | 2076 ||| FLEEEEING.
  2077 | D:3      | 2077 ||| FLEEEEING.
  2081 | D:3      | 2081 ||| STAIRDANCE
  2109 | D:2      | 2109 ||| DROPPING +0 club.
  2147 | D:2      | 2147 ||| UPGRADING to +3 ring mail of the Tick {rPois}.
  2157 | D:2      | 2157 ||| DROPPING +0 scale mail.
  2158 | D:2      | 2158 ||| UPGRADING to +0 cloak.
  2163 | D:2      | 2163 ||| UPGRADING to +2 chain mail of Xemeod {rPois}.
  2173 | D:2      | 2173 ||| DROPPING +3 ring mail of the Tick {rPois}.
  2174 | D:2      | 2174 ||| READING 2 scrolls labelled CYKKOPR YVANAK.
  2244 | D:3      | 2244 ||| Stepping ~*~*~tactically~*~*~ (stealth).
  2310 | D:3      | 2310 ||| Stepping ~*~*~tactically~*~*~ (water).
  2328 | D:3      | 2328 ||| RIP SEWER
  2537 | D:3      | 2537 ||| PLANNING D:1-11
  2690 | D:3      | 2690 ||| Stepping ~*~*~tactically~*~*~ (stealth).
  2757 | D:3      | 2757 ||| Stepping ~*~*~tactically~*~*~ (water).
  2860 | D:3      | 2860 ||| READING scroll labelled ERARUORUCZO.
  2861 | D:3      | 2861 ||| DRINKING 2 fuming cyan potions.
  2862 | D:3      | 2862 ||| DROPPING potion of degeneration.
  3062 | D:4      | Noticed Menkaure
  3068 | D:4      | Killed Menkaure
  3069 | D:4      | Reached XP level 7. HP: 31/44 MP: 7/7
  3204 | D:4      | 3204 ||| Stepping ~*~*~tactically~*~*~ (stealth).
  3220 | D:4      | 3220 ||| Stepping ~*~*~tactically~*~*~ (stealth).
  3344 | D:4      | Noticed Eustachio
  3361 | D:4      | Killed Eustachio
  3362 | D:4      | Reached skill level 6 in Axes
  3380 | D:4      | 3380 ||| Stepping ~*~*~tactically~*~*~ (hiding).
  3576 | D:4      | 3576 ||| Stepping ~*~*~tactically~*~*~ (stealth).
  3603 | D:4      | Noticed Grinder
  3604 | D:4      | 3604 ||| Stepping ~*~*~tactically~*~*~ (stealth).
  3606 | D:4      | 3606 ||| Stepping ~*~*~tactically~*~*~ (hiding).
  3608 | D:4      | 3608 ||| Stepping ~*~*~tactically~*~*~ (hiding).
  3614 | D:4      | Paralysed by Grinder for 5 turns
  3630 | D:4      | Killed Grinder
  3631 | D:4      | Reached skill level 7 in Axes
  3763 | D:4      | 3763 ||| DRINKING 4 golden potions.
  3764 | D:4      | 3764 ||| READING 3 scrolls of identify.
  3764 | D:4      | 3764 ||| IDENTIFYING lumpy clear potion
  3765 | D:4      | 3765 ||| READING 2 scrolls of identify.
  3765 | D:4      | 3765 ||| IDENTIFYING glowing dark potion
  3766 | D:4      | 3766 ||| DROPPING potion of invisibility.
  3773 | D:5      | Entered Level 5 of the Dungeon
  3792 | D:5      | Found a staircase to the Ecumenical Temple.
  3793 | D:5      | 3793 ||| PLANNING TEMPLE
  3800 | D:5      | Reached XP level 8. HP: 41/50 MP: 8/8
  3800 | D:5      | 3800 ||| FLEEEEING.
  3801 | D:5      | 3801 ||| FLEEEEING.
  3802 | D:5      | 3802 ||| FLEEEEING.
  3803 | D:5      | 3803 ||| FLEEEEING.
  3804 | D:5      | 3804 ||| FLEEEEING.
  3842 | Temple   | Entered the Ecumenical Temple
  3893 | Temple   | 3893 ||| PLANNING OKAWARU WORSHIP
  4050 | Temple   | Became a worshipper of Warmaster Okawaru
  4051 | Temple   | 4051 ||| PLANNING D:1-11
  4089 | D:5      | Reached skill level 1 in Dodging
  4340 | D:5      | 4340 ||| DRINKING 3 potions of curing.
  4340 | D:5      | 4340 ||| (to cure confusion)
  4346 | D:5      | 4346 ||| DRINKING 2 potions of curing.
  4346 | D:5      | 4346 ||| (to cure confusion)
  4353 | D:5      | Reached * piety under Okawaru
  4354 | D:5      | 4354 ||| DRINKING potion of curing.
  4354 | D:5      | 4354 ||| (to cure confusion)
  4355 | D:5      | 4355 ||| INVOKING Heroism.
  4491 | D:5      | Reached skill level 8 in Axes
  4491 | D:5      | Reached skill level 1 in Invocations
  4512 | D:5      | Found Muqoap's Specific Store.
  4512 | D:5      | Found Ruempoawn's General Store.
  4529 | D:5      | 4529 ||| BUYING +0 morningstar of holy wrath (128 gold).
  4529 | D:5      | Bought a +0 morningstar of holy wrath for 128 gold pieces
  4529 | D:5      | 4529 ||| SHOPLISTING +0 plate armour (322 gold, have 168).
  4529 | D:5      | 4529 ||| BUYING potion of heal wounds (70 gold).
  4529 | D:5      | Bought a potion of heal wounds for 70 gold pieces
  4529 | D:5      | 4529 ||| BUYING scroll of identify (28 gold).
  4529 | D:5      | Bought a scroll of identify for 28 gold pieces
  4529 | D:5      | 4529 ||| DROPPING +0 flail.
  5084 | D:5      | 5084 ||| UPGRADING to ring of protection from fire.
  5085 | D:5      | 5085 ||| READING scroll labelled RUMPI YGROO.
  5086 | D:5      | 5086 ||| READING scroll labelled TIJETE MAUSEORCH.
  5087 | D:5      | 5087 ||| READING 3 scrolls labelled PIOGGA JIOCK.
  5088 | D:5      | 5088 ||| READING 2 scrolls of enchant armour.
  5088 | D:5      | 5088 ||| ENCHANTING +0 pair of gloves.
  5089 | D:5      | 5089 ||| READING scroll of enchant armour.
  5089 | D:5      | 5089 ||| ENCHANTING +1 pair of gloves.
  5090 | D:5      | 5090 ||| DRINKING 2 clear potions.
  5233 | D:6      | Found a glowing golden altar of the Shining One.
  5236 | D:6      | Found a hide-covered altar of Uskayaw.
  5244 | D:6      | 5244 ||| INVOKING Heroism.
  5265 | D:6      | 5265 ||| INVOKING Heroism.
  5268 | D:6      | Reached skill level 6 in Fighting
  5414 | D:6      | 5414 ||| Stepping ~*~*~tactically~*~*~ (stealth).
  5472 | D:6      | Reached skill level 3 in Invocations
  5472 | D:6      | Reached XP level 9. HP: 55/55 MP: 9/11
  5714 | D:6      | 5714 ||| READING scroll labelled VOLYWOUR WUPNEA.
  5715 | D:6      | 5715 ||| READING 8 scrolls of identify.
  5715 | D:6      | 5715 ||| IDENTIFYING bubbling grey potion
  5716 | D:6      | 5716 ||| DROPPING potion of brilliance.
  5743 | D:7      | 5743 ||| INVOKING Heroism.
  5803 | D:7      | 5803 ||| INVOKING Heroism.
  5805 | D:7      | 5805 ||| Stepping ~*~*~tactically~*~*~ (stealth).
  5806 | D:7      | 5806 ||| Stepping ~*~*~tactically~*~*~ (hiding).
  5815 | D:7      | Reached skill level 9 in Axes
  5838 | D:7      | 5838 ||| SWAPPING to +3 war axe.
  5839 | D:7      | 5839 ||| DROPPING +1 war axe.
  5856 | D:7      | 5856 ||| Stepping ~*~*~tactically~*~*~ (stealth).
  5859 | D:7      | 5859 ||| Stepping ~*~*~tactically~*~*~ (stealth).
  5861 | D:7      | 5861 ||| Stepping ~*~*~tactically~*~*~ (stealth).
  5889 | D:7      | Reached ** piety under Okawaru
  5891 | D:7      | 5891 ||| Stepping ~*~*~tactically~*~*~ (stealth).
  5919 | D:7      | 5919 ||| INVOKING Heroism.
  5920 | D:7      | Found a flagged portal.
  5974 | D:7      | Noticed a two-headed ogre
  5977 | D:7      | 5977 ||| INVOKING Heroism.
  5989 | D:7      | Killed a two-headed ogre
  6247 | D:7      | 6247 ||| INVOKING Heroism.
  6254 | D:7      | Reached XP level 10. HP: 64/64 MP: 10/13
  6278 | D:7      | 6278 ||| Stepping ~*~*~tactically~*~*~ (stealth).
  6376 | D:7      | 6376 ||| READING 7 scrolls of identify.
  6376 | D:7      | 6376 ||| IDENTIFYING viscous coppery potion
  6377 | D:7      | 6377 ||| DROPPING potion of ambrosia.
  6404 | D:8      | 6404 ||| Stepping ~*~*~tactically~*~*~ (stealth).
  6406 | D:8      | 6406 ||| Stepping ~*~*~tactically~*~*~ (hiding).
  6415 | D:8      | 6415 ||| DRINKING potion of curing.
  6415 | D:8      | 6415 ||| (to cure confusion)
  6448 | D:8      | Reached skill level 10 in Axes
  6484 | D:8      | 6484 ||| Stepping ~*~*~tactically~*~*~ (hiding).
  6486 | D:8      | 6486 ||| Stepping ~*~*~tactically~*~*~ (hiding).
  6508 | D:8      | 6508 ||| Stepping ~*~*~tactically~*~*~ (stealth).
  6509 | D:8      | 6509 ||| Stepping ~*~*~tactically~*~*~ (stealth).
  6510 | D:8      | 6510 ||| Stepping ~*~*~tactically~*~*~ (stealth).
  6511 | D:8      | 6511 ||| Stepping ~*~*~tactically~*~*~ (stealth).
  6512 | D:8      | 6512 ||| Stepping ~*~*~tactically~*~*~ (stealth).
  6548 | D:8      | 6548 ||| INVOKING Heroism.
  6551 | D:8      | Reached skill level 6 in Armour
  6560 | D:8      | Reached *** piety under Okawaru
  6661 | D:8      | Found Zamuepna's Assorted Antiques.
  6671 | D:8      | 6671 ||| BUYING blackened opal ring (110 gold).
  6671 | D:8      | Bought a blackened opal ring for 110 gold pieces
  6671 | D:8      | 6671 ||| BUYING potion of curing (66 gold).
  6671 | D:8      | Bought a potion of curing for 66 gold pieces
  6671 | D:8      | 6671 ||| SHOPLISTING potion of curing (66 gold, have 9).
  6671 | D:8      | 6671 ||| SHOPLISTING potion of lignification (66 gold, have
                  | 9).
  6671 | D:8      | 6671 ||| SHOPLISTING potion of might (88 gold, have 9).
  6671 | D:8      | 6671 ||| SHOPLISTING scroll labelled KUIRAZ TIONAG (22
                  | gold, have 9).
  6671 | D:8      | 6671 ||| SHOPLISTING scroll of teleportation (66 gold, have
                  | 9).
  6677 | D:8      | 6677 ||| READING scroll of enchant weapon.
  6677 | D:8      | 6677 ||| ENCHANTING +3 war axe.
  6704 | D:8      | Noticed Maurice
  6715 | D:8      | Killed Maurice
  6716 | D:8      | Reached skill level 3 in Throwing
  6752 | D:8      | Noticed Maggie
  6753 | D:8      | 6753 ||| Stepping ~*~*~tactically~*~*~ (hiding).
  6762 | D:8      | 6762 ||| INVOKING Heroism.
  6766 | D:8      | Killed Maggie
  6841 | D:8      | 6841 ||| SWAPPING to +1 broad axe of flaming.
  6842 | D:8      | 6842 ||| DROPPING +4 war axe.
  6843 | D:8      | 6843 ||| DROPPING +0 morningstar of holy wrath.
  6865 | D:8      | 6865 ||| INVOKING Heroism.
  6958 | D:8      | 6958 ||| INVOKING Heroism.
  7001 | D:8      | 7001 ||| Stepping ~*~*~tactically~*~*~ (hiding).
  7002 | D:8      | 7002 ||| Stepping ~*~*~tactically~*~*~ (hiding).
  7003 | D:8      | 7003 ||| Stepping ~*~*~tactically~*~*~ (hiding).
  7004 | D:8      | 7004 ||| Stepping ~*~*~tactically~*~*~ (hiding).
  7005 | D:8      | 7005 ||| Stepping ~*~*~tactically~*~*~ (hiding).
  7028 | D:8      | Noticed Gastronok
  7029 | D:8      | 7029 ||| Stepping ~*~*~tactically~*~*~ (hiding).
  7032 | D:8      | 7032 ||| INVOKING Heroism.
  7039 | D:8      | Killed Gastronok
  7039 | D:8      | Reached **** piety under Okawaru
  7040 | D:8      | Reached skill level 11 in Axes
  7040 | D:8      | Reached XP level 11. HP: 68/68 MP: 12/14
  7062 | D:8      | 7062 ||| Stepping ~*~*~tactically~*~*~ (stealth).
  7209 | D:8      | Received a gift from Okawaru
  7362 | D:8      | Noticed Prince Ribbit
  7373 | D:8      | Killed Prince Ribbit
  7404 | D:8      | 7404 ||| UPGRADING to +0 hat of see invisible.
  7414 | D:8      | 7414 ||| DROPPING ring of wizardry.
  7415 | D:8      | 7415 ||| READING scroll labelled APTALI VYSIRGH.
  7444 | D:9      | 7444 ||| STAIRDANCE
  7543 | D:9      | 7543 ||| INVOKING Heroism.
  7546 | D:9      | 7546 ||| Stepping ~*~*~tactically~*~*~ (hiding).
  7549 | D:9      | 7549 ||| Stepping ~*~*~tactically~*~*~ (stealth).
  7591 | D:9      | 7591 ||| INVOKING Heroism.
  7613 | D:9      | 7613 ||| INVOKING Heroism.
  7745 | D:9      | 7745 ||| Stepping ~*~*~tactically~*~*~ (hiding).
  7753 | D:9      | Reached skill level 9 in Fighting
  7916 | D:9      | 7916 ||| Stepping ~*~*~tactically~*~*~ (hiding).
  7925 | D:9      | 7925 ||| Stepping ~*~*~tactically~*~*~ (hiding).
  7931 | D:9      | 7931 ||| Stepping ~*~*~tactically~*~*~ (hiding).
  7932 | D:9      | 7932 ||| Stepping ~*~*~tactically~*~*~ (hiding).
  7934 | D:9      | 7934 ||| Stepping ~*~*~tactically~*~*~ (hiding).
  7978 | D:9      | 7978 ||| Stepping ~*~*~tactically~*~*~ (stealth).
  8020 | D:9      | Found a transporter.
  8025 | D:9      | Noticed a worldbinder
  8036 | D:9      | Found a transporter.
  8051 | D:9      | Reached skill level 6 in Invocations
  8086 | D:9      | Found a staircase to the Orcish Mines.
  8351 | D:9      | Noticed a hell hog
  8360 | D:9      | 8360 ||| Stepping ~*~*~tactically~*~*~ (stealth).
  8372 | D:9      | 8372 ||| INVOKING Heroism.
  8512 | D:9      | Found a one-way gate to the infinite horrors of the Abyss.
  8515 | D:9      | Noticed qw's ghost (novice MiHs)
  8640 | D:9      | 8640 ||| UPGRADING to +0 plate armour.
  8650 | D:9      | 8650 ||| DROPPING +2 chain mail of Xemeod {rPois}.
  8651 | D:9      | 8651 ||| UPGRADING to +5 ring of evasion.
  8653 | D:9      | 8653 ||| DROPPING ring of willpower.
  8654 | D:9      | 8654 ||| UPGRADING to +6 ring of strength.
  8656 | D:9      | 8656 ||| READING scroll labelled RAOTZE ROIZIAH.
  8725 | D:10     | Entered Level 10 of the Dungeon
  8786 | D:10     | You fall into a shaft and drop 2 floors!
  8816 | D:12     | 8816 ||| Stepping ~*~*~tactically~*~*~ (stealth).
  8852 | D:12     | Noticed Psyche
  8853 | D:12     | 8853 ||| INVOKING Heroism.
  8858 | Abyss:1  | Found a corrupted altar of Lugonu.
  8858 | Abyss:1  | Cast into level 1 of the Abyss (Psyche)
  8899 | D:12     | Escaped the Abyss
  8900 | D:12     | 8900 ||| INVOKING Heroism.
  8911 | D:12     | Killed Psyche
  8964 | D:12     | Noticed a boulder beetle
  8965 | D:12     | 8965 ||| INVOKING Heroism.
  8974 | D:12     | Killed a boulder beetle
  9026 | D:12     | 9026 ||| INVOKING Heroism.
  9324 | D:12     | 9324 ||| READING 10 scrolls of identify.
  9324 | D:12     | 9324 ||| IDENTIFYING bubbling golden potion
  9408 | D:11     | 9408 ||| INVOKING Heroism.
  9507 | D:11     | 9507 ||| Stepping ~*~*~tactically~*~*~ (hiding).
  9603 | D:11     | Found an iron altar of Okawaru.
  9627 | D:11     | 9627 ||| INVOKING Heroism.
  9628 | D:11     | Found a staircase to the Lair.
  9632 | D:11     | Noticed a two-headed ogre
  9643 | D:11     | Killed a two-headed ogre
  9745 | D:10     | Reached ***** piety under Okawaru
  9754 | D:10     | 9754 ||| Stepping ~*~*~tactically~*~*~ (hiding).
  9842 | D:10     | Noticed a two-headed ogre
  9843 | D:10     | 9843 ||| INVOKING Heroism.
  9853 | D:10     | Killed a two-headed ogre
  9854 | D:10     | Reached XP level 12. HP: 76/76 MP: 16/18
  9962 | D:10     | 9962 ||| Stepping ~*~*~tactically~*~*~ (stealth).
  9963 | D:10     | 9963 ||| Stepping ~*~*~tactically~*~*~ (stealth).
  9974 | D:10     | Reached skill level 9 in Invocations
  9982 | D:10     | Reached skill level 12 in Axes
 10134 | D:10     | Received a gift from Okawaru
 10286 | D:10     | 10286 ||| PLANNING LAIR
 10286 | D:10     | 10286 ||| DROPPING ring of see invisible.
 10301 | Lair:1   | Entered Level 1 of the Lair of Beasts
 10432 | Lair:1   | 10432 ||| Stepping ~*~*~tactically~*~*~ (stealth).
 10436 | Lair:1   | 10436 ||| FLEEEEING.
 10438 | Lair:1   | 10438 ||| FLEEEEING.
 10439 | Lair:1   | 10439 ||| FLEEEEING.
 10440 | Lair:1   | 10440 ||| FLEEEEING.
 10441 | Lair:1   | 10441 ||| FLEEEEING.
 10442 | Lair:1   | 10442 ||| FLEEEEING.
 10443 | Lair:1   | 10443 ||| FLEEEEING.
 10449 | Lair:1   | Reached skill level 6 in Shields
 10517 | Lair:1   | 10517 ||| Stepping ~*~*~tactically~*~*~ (stealth).
 10519 | Lair:1   | 10519 ||| Stepping ~*~*~tactically~*~*~ (stealth).
 10522 | Lair:1   | 10522 ||| Stepping ~*~*~tactically~*~*~ (stealth).
 10630 | Lair:1   | 10630 ||| INVOKING Heroism.
 10752 | Lair:1   | 10752 ||| Stepping ~*~*~tactically~*~*~ (hiding).
 10753 | Lair:1   | 10753 ||| Stepping ~*~*~tactically~*~*~ (hiding).
 10837 | Lair:1   | 10837 ||| INVOKING Heroism.
 10865 | Lair:1   | 10865 ||| Stepping ~*~*~tactically~*~*~ (stealth).
 10911 | Lair:1   | 10911 ||| INVOKING Heroism.
 10980 | Lair:1   | 10980 ||| Stepping ~*~*~tactically~*~*~ (stealth).
 10981 | Lair:1   | 10981 ||| Stepping ~*~*~tactically~*~*~ (stealth).
 10984 | Lair:1   | 10984 ||| FLEEEEING.
 10985 | Lair:1   | 10985 ||| FLEEEEING.
 10986 | Lair:1   | 10986 ||| FLEEEEING.
 10987 | Lair:1   | 10987 ||| FLEEEEING.
 10988 | Lair:1   | 10988 ||| FLEEEEING.
 11049 | Lair:1   | 11049 ||| INVOKING Heroism.
 11055 | Lair:1   | Received a gift from Okawaru
 11125 | Lair:1   | 11125 ||| INVOKING Heroism.
 11132 | Lair:1   | 11132 ||| FLEEEEING.
 11133 | Lair:1   | 11133 ||| FLEEEEING.
 11134 | Lair:1   | 11134 ||| FLEEEEING.
 11134 | Lair:1   | HP: 16/77 [lava snake/glob of lava (17)]
 11135 | Lair:1   | 11135 ||| FLEEEEING.
 11136 | Lair:1   | 11136 ||| FLEEEEING.
 11137 | Lair:1   | 11137 ||| FLEEEEING.
 11138 | Lair:1   | 11138 ||| FLEEEEING.
 11139 | Lair:1   | 11139 ||| DRINKING 3 potions of heal wounds.
 11310 | Lair:1   | 11310 ||| INVOKING Heroism.
 11514 | Lair:1   | Reached skill level 13 in Axes
 11582 | Lair:1   | 11582 ||| DROPPING ring of magical power.
 11583 | Lair:1   | 11583 ||| READING scroll labelled GUN ZOKHEFIJE.
 11584 | Lair:1   | 11584 ||| READING 10 scrolls of identify.
 11584 | Lair:1   | 11584 ||| IDENTIFYING fuming ruby potion
 11724 | Lair:2   | 11724 ||| Stepping ~*~*~tactically~*~*~ (stealth).
 11726 | Lair:2   | 11726 ||| INVOKING Heroism.
 11761 | Lair:2   | Reached XP level 13. HP: 82/82 MP: 20/20
 11767 | Lair:2   | Reached skill level 9 in Armour
 11805 | Lair:2   | Received a gift from Okawaru
 11825 | Lair:2   | Found a staircase to the Snake Pit.
 11882 | Lair:2   | 11882 ||| INVOKING Heroism.
 11917 | Lair:2   | 11917 ||| Stepping ~*~*~tactically~*~*~ (stealth).
 12146 | Lair:2   | 12146 ||| INVOKING Heroism.
 12182 | Lair:2   | 12182 ||| Stepping ~*~*~tactically~*~*~ (stealth).
 12221 | Lair:2   | Reached skill level 14 in Axes
 12540 | Lair:2   | 12540 ||| DROPPING +0 pair of gloves of dexterity.
 12591 | Lair:3   | 12591 ||| INVOKING Heroism.
 12698 | Lair:3   | 12698 ||| INVOKING Heroism.
 12856 | Lair:3   | 12856 ||| Stepping ~*~*~tactically~*~*~ (stealth).
 12933 | Lair:3   | 12933 ||| INVOKING Heroism.
 13056 | Lair:3   | 13056 ||| READING scroll of enchant weapon.
 13056 | Lair:3   | 13056 ||| ENCHANTING +1 broad axe of flaming.
 13148 | Lair:3   | Identified the +2 pair of boots of Purpose {rF+} (Okawaru
                  | gifted it to you on level 3 of the Lair of Beasts)
 13148 | Lair:3   | Received a gift from Okawaru
 13279 | Lair:3   | Noticed Nessos
 13280 | Lair:3   | 13280 ||| Stepping ~*~*~tactically~*~*~ (hiding).
 13281 | Lair:3   | 13281 ||| Stepping ~*~*~tactically~*~*~ (hiding).
 13282 | Lair:3   | 13282 ||| Stepping ~*~*~tactically~*~*~ (hiding).
 13283 | Lair:3   | 13283 ||| INVOKING Finesse.
 13285 | Lair:3   | 13285 ||| INVOKING Heroism.
 13302 | Lair:3   | Killed Nessos
 13325 | Lair:3   | 13325 ||| INVOKING Heroism.
 13481 | Lair:3   | 13481 ||| Stepping ~*~*~tactically~*~*~ (stealth).
 13482 | Lair:3   | 13482 ||| INVOKING Heroism.
 13486 | Lair:3   | 13486 ||| Stepping ~*~*~tactically~*~*~ (stealth).
 13541 | Lair:3   | Found a staircase to the Swamp.
 13563 | Lair:3   | 13563 ||| READING scroll of enchant armour.
 13563 | Lair:3   | 13563 ||| ENCHANTING +0 hat of see invisible.
 13648 | Lair:3   | 13648 ||| Stepping ~*~*~tactically~*~*~ (stealth).
 13649 | Lair:3   | 13649 ||| INVOKING Heroism.
 13823 | Lair:3   | 13823 ||| UPGRADING to +2 pair of boots of Purpose {rF+}.
 13828 | Lair:3   | 13828 ||| DROPPING scarf of harm.
 13829 | Lair:3   | 13829 ||| READING 11 scrolls of identify.
 13829 | Lair:3   | 13829 ||| IDENTIFYING viscous brown potion
 13864 | Lair:4   | 13864 ||| FLEEEEING.
 13865 | Lair:4   | 13865 ||| FLEEEEING.
 13866 | Lair:4   | 13866 ||| FLEEEEING.
 13867 | Lair:4   | 13867 ||| FLEEEEING.
 13868 | Lair:4   | 13868 ||| STAIRDANCE
 13908 | Lair:4   | 13908 ||| STAIRDANCE
 14092 | Lair:4   | 14092 ||| INVOKING Heroism.
 14121 | Lair:4   | Identified the +1 ring mail "Duixkuaj" {rC++ Int+4 Dex-3}
 14179 | Lair:4   | 14179 ||| Stepping ~*~*~tactically~*~*~ (stealth).
 14276 | Lair:4   | 14276 ||| INVOKING Heroism.
 14283 | Lair:4   | Reached skill level 15 in Axes
 14283 | Lair:4   | Gained mutation: Your large and strong wings let you fly.
                  | [Gargoyle growth]
 14283 | Lair:4   | Reached XP level 14. HP: 90/90 MP: 19/21
 14303 | Lair:4   | 14303 ||| Stepping ~*~*~tactically~*~*~ (stealth).
 14334 | Lair:4   | 14334 ||| INVOKING Heroism.
 14343 | Lair:4   | 14343 ||| INVOKING Finesse.
 14604 | Lair:4   | 14604 ||| Stepping ~*~*~tactically~*~*~ (stealth).
 14642 | Lair:4   | Found a staircase to the Slime Pits.
 14643 | Lair:4   | Found a viscous altar of Jiyva.
 14654 | Lair:4   | 14654 ||| Stepping ~*~*~tactically~*~*~ (hiding).
 14690 | Lair:4   | 14690 ||| Stepping ~*~*~tactically~*~*~ (stealth).
 14691 | Lair:4   | 14691 ||| Stepping ~*~*~tactically~*~*~ (stealth).
 14774 | Lair:4   | 14774 ||| DROPPING +4 ring of protection.
 14787 | Lair:5   | Entered Level 5 of the Lair of Beasts
 14788 | Lair:5   | 14788 ||| INVOKING Heroism.
 14789 | Lair:5   | 14789 ||| INVOKING Finesse.
 14816 | Lair:5   | Reached skill level 12 in Fighting
 14917 | Lair:5   | 14917 ||| Stepping ~*~*~tactically~*~*~ (stealth).
 14991 | Lair:5   | Received a gift from Okawaru
 14992 | Lair:5   | Reached skill level 3 in Dodging
 15067 | Lair:5   | 15067 ||| INVOKING Heroism.
 15070 | Lair:5   | 15070 ||| INVOKING Finesse.
 15143 | Lair:5   | 15143 ||| Stepping ~*~*~tactically~*~*~ (stealth).
 15145 | Lair:5   | 15145 ||| INVOKING Heroism.
 15146 | Lair:5   | 15146 ||| INVOKING Finesse.
 15271 | Lair:5   | 15271 ||| INVOKING Heroism.
 15295 | Lair:5   | Received a gift from Okawaru
 15340 | Lair:5   | 15340 ||| Stepping ~*~*~tactically~*~*~ (stealth).
 15382 | Lair:5   | 15382 ||| DROPPING +1 war axe of flaming.
 15463 | Lair:5   | 15463 ||| Stepping ~*~*~tactically~*~*~ (stealth).
 15595 | Lair:5   | 15595 ||| READING scroll of enchant armour.
 15595 | Lair:5   | 15595 ||| ENCHANTING +1 hat of see invisible.
 15677 | Lair:5   | 15677 ||| INVOKING Heroism.
 15715 | Lair:5   | 15715 ||| INVOKING Heroism.
 15751 | Lair:5   | 15751 ||| Stepping ~*~*~tactically~*~*~ (stealth).
 15755 | Lair:5   | 15755 ||| Stepping ~*~*~tactically~*~*~ (stealth).
 15772 | Lair:5   | Reached skill level 16 in Axes
 15797 | Lair:5   | Received a gift from Okawaru
 15829 | Lair:5   | 15829 ||| FLEEEEING.
 16022 | Lair:5   | 16022 ||| Stepping ~*~*~tactically~*~*~ (stealth).
 16023 | Lair:5   | 16023 ||| Stepping ~*~*~tactically~*~*~ (stealth).
 16024 | Lair:5   | 16024 ||| Stepping ~*~*~tactically~*~*~ (stealth).
 16025 | Lair:5   | 16025 ||| Stepping ~*~*~tactically~*~*~ (stealth).
 16026 | Lair:5   | 16026 ||| Stepping ~*~*~tactically~*~*~ (stealth).
 16027 | Lair:5   | 16027 ||| Stepping ~*~*~tactically~*~*~ (stealth).
 16201 | Lair:5   | 16201 ||| INVOKING Heroism.
 16202 | Lair:5   | 16202 ||| INVOKING Finesse.
 16217 | Lair:5   | Received a gift from Okawaru
 16609 | Lair:5   | 16609 ||| PLANNING D:1-11
 16609 | Lair:5   | 16609 ||| UPGRADING to +0 buckler of positive energy.
 16619 | Lair:5   | 16619 ||| DROPPING +0 buckler.
 16620 | Lair:5   | 16620 ||| READING scroll labelled GYL BOTARHUMU.
 16721 | Lair:5   | 16721 ||| READING 11 scrolls of identify.
 16721 | Lair:5   | 16721 ||| IDENTIFYING blue potion
 16998 | D:11     | Reached XP level 15. HP: 96/96 MP: 22/22
 17041 | D:11     | Found a runed translucent door.
 17042 | D:11     | Noticed dangerrune1's ghost (journeyman GrEE)
 17162 | D:11     | Received a gift from Okawaru
 17493 | D:11     | 17493 ||| PLANNING D
 17589 | D:12     | Noticed Snorg
 17591 | D:12     | 17591 ||| INVOKING Heroism.
 17602 | D:12     | Killed Snorg
 17717 | D:12     | Received a gift from Okawaru
 17747 | D:12     | Noticed Jorgrun
 17748 | D:12     | 17748 ||| INVOKING Heroism.
 17749 | D:12     | 17749 ||| INVOKING Finesse.
 17764 | D:12     | Killed Jorgrun
 17964 | D:12     | Noticed Fannar
 17994 | D:12     | Killed Fannar
 18125 | D:13     | 18125 ||| Stepping ~*~*~tactically~*~*~ (hiding).
 18266 | D:13     | Reached skill level 17 in Axes
 18284 | D:13     | 18284 ||| FLEEEEING.
 18285 | D:13     | 18285 ||| FLEEEEING.
 18286 | D:13     | 18286 ||| FLEEEEING.
 18287 | D:13     | 18287 ||| FLEEEEING.
 18288 | D:13     | 18288 ||| FLEEEEING.
 18289 | D:13     | 18289 ||| FLEEEEING.
 18290 | D:13     | 18290 ||| FLEEEEING.
 18291 | D:13     | 18291 ||| FLEEEEING.
 18292 | D:13     | 18292 ||| FLEEEEING.
 18293 | D:13     | 18293 ||| FLEEEEING.
 18302 | D:13     | 18302 ||| STAIRDANCE
 18494 | D:13     | Received a gift from Okawaru
 18507 | D:13     | 18507 ||| INVOKING Heroism.
 18509 | D:13     | 18509 ||| Stepping ~*~*~tactically~*~*~ (hiding).
 18551 | D:13     | 18551 ||| Stepping ~*~*~tactically~*~*~ (stealth).
 18553 | D:13     | 18553 ||| Stepping ~*~*~tactically~*~*~ (hiding).
 18555 | D:13     | 18555 ||| Stepping ~*~*~tactically~*~*~ (hiding).
 18556 | D:13     | 18556 ||| Stepping ~*~*~tactically~*~*~ (hiding).
 18557 | D:13     | 18557 ||| Stepping ~*~*~tactically~*~*~ (hiding).
 18558 | D:13     | 18558 ||| Stepping ~*~*~tactically~*~*~ (hiding).
 18620 | D:13     | 18620 ||| INVOKING Heroism.
 18627 | D:13     | Paralysed by an ogre mage for 3 turns
 18632 | D:13     | Received a gift from Okawaru
 18813 | D:13     | Reached skill level 6 in Throwing
 18894 | D:13     | 18894 ||| Stepping ~*~*~tactically~*~*~ (hiding).
 18958 | D:13     | Noticed Sonja
 18959 | D:13     | 18959 ||| INVOKING Finesse.
 18962 | D:13     | Killed Sonja
 19217 | D:13     | 19217 ||| UPGRADING to scarf of repulsion.
 19227 | D:13     | 19227 ||| READING scroll labelled HUUFOX QEZOU.
 19323 | D:14     | Received a gift from Okawaru
 19345 | D:14     | Found a glowing golden altar of the Shining One.
 19354 | D:14     | 19354 ||| Stepping ~*~*~tactically~*~*~ (stealth).
 19441 | D:14     | 19441 ||| INVOKING Heroism.
 19457 | D:14     | Found a gate to the Vaults.
 19538 | D:14     | 19538 ||| Stepping ~*~*~tactically~*~*~ (stealth).
 19562 | D:14     | 19562 ||| INVOKING Heroism.
 19766 | D:14     | 19766 ||| INVOKING Heroism.
 19901 | D:14     | 19901 ||| INVOKING Heroism.
 20074 | D:14     | Noticed Roxanne
 20075 | D:14     | 20075 ||| INVOKING Heroism.
 20076 | D:14     | 20076 ||| INVOKING Finesse.
 20098 | D:14     | Killed Roxanne
 20098 | D:14     | Received a gift from Okawaru
 20133 | D:14     | Identified the +8 rapier "Gigho" {antimagic, rN+ Int+2}
 20156 | D:14     | 20156 ||| FLEEEEING.
 20209 | D:14     | 20209 ||| Stepping ~*~*~tactically~*~*~ (stealth).
 20567 | D:14     | 20567 ||| Stepping ~*~*~tactically~*~*~ (stealth).
 20584 | D:14     | 20584 ||| Stepping ~*~*~tactically~*~*~ (stealth).
 20603 | D:14     | 20603 ||| INVOKING Heroism.
 20621 | D:14     | Reached skill level 18 in Axes
 20621 | D:14     | Reached XP level 16. HP: 77/104 MP: 23/23
 20811 | D:14     | 20811 ||| DROPPING +1 pair of gloves of hurling.
 20812 | D:14     | 20812 ||| DROPPING +6 ring of intelligence.
 20829 | D:15     | Entered Level 15 of the Dungeon
 20920 | D:15     | 20920 ||| Stepping ~*~*~tactically~*~*~ (hiding).
 20921 | D:15     | 20921 ||| Stepping ~*~*~tactically~*~*~ (hiding).
 20922 | D:15     | 20922 ||| INVOKING Heroism.
 20930 | D:15     | Noticed Kirke
 20931 | D:15     | 20931 ||| INVOKING Finesse.
 20945 | D:15     | Killed Kirke
 20949 | D:15     | Noticed Louise
 20967 | D:15     | Killed Louise
 20993 | D:15     | Reached skill level 12 in Armour
 21182 | D:15     | Reached skill level 9 in Shields
 21206 | D:15     | 21206 ||| Stepping ~*~*~tactically~*~*~ (hiding).
 21207 | D:15     | 21207 ||| Stepping ~*~*~tactically~*~*~ (hiding).
 21208 | D:15     | 21208 ||| Stepping ~*~*~tactically~*~*~ (hiding).
 21445 | D:15     | 21445 ||| READING scroll of enchant weapon.
 21445 | D:15     | 21445 ||| ENCHANTING +2 broad axe of flaming.
 21688 | D:15     | 21688 ||| INVOKING Heroism.
 21690 | D:15     | 21690 ||| Stepping ~*~*~tactically~*~*~ (stealth).
 21748 | D:15     | 21748 ||| Stepping ~*~*~tactically~*~*~ (hiding).
 21753 | D:15     | 21753 ||| INVOKING Heroism.
 21770 | D:15     | Found a staircase to the Depths.
 21831 | D:15     | 21831 ||| PLANNING ORC
 21831 | D:15     | 21831 ||| UPGRADING to +0 tower shield.
 21841 | D:15     | 21841 ||| DROPPING +0 buckler of positive energy.
 21842 | D:15     | 21842 ||| DROPPING amulet of magic regeneration.
 21843 | D:15     | 21843 ||| DROPPING +6 ring of dexterity.
 21992 | Orc:1    | Entered Level 1 of the Orcish Mines
 21994 | Orc:1    | 21994 ||| INVOKING Heroism.
 21995 | Orc:1    | 21995 ||| INVOKING Finesse.
 22121 | Orc:1    | 22121 ||| INVOKING Heroism.
 22133 | Orc:1    | Gained mutation: Your magical capacity is low. (-10% MP) [a
                  | neqoxec]
 22136 | Orc:1    | Received a gift from Okawaru
 22335 | Orc:2    | Entered Level 2 of the Orcish Mines
 22410 | Orc:2    | 22410 ||| INVOKING Heroism.
 22412 | Orc:2    | Found Eskok's Antique Armour Boutique.
 22492 | Orc:1    | 22492 ||| INVOKING Heroism.
 22628 | Orc:2    | Found a runed translucent gate.
 22629 | Orc:2    | Found a runed translucent gate.
 22629 | Orc:2    | Found an opulent altar of Gozag.
 22630 | Orc:2    | Found a runed translucent gate.
 22634 | Orc:2    | Noticed qw's ghost (journeyman GrFi)
 22710 | Orc:2    | Found Caisugi's Book Shop.
 22727 | Orc:2    | Found Erey's General Store.
 22728 | Orc:2    | 22728 ||| Stepping ~*~*~tactically~*~*~ (stealth).
 22729 | Orc:2    | 22729 ||| INVOKING Heroism.
 22751 | Orc:2    | 22751 ||| BUYING +3 plate armour of fire resistance (630
                  | gold).
 22751 | Orc:2    | Bought a +3 plate armour of fire resistance for 630 gold
                  | pieces
 22834 | Orc:2    | Found a staircase to the Elven Halls.
 22853 | Orc:2    | 22853 ||| INVOKING Heroism.
 22854 | Orc:2    | 22854 ||| INVOKING Finesse.
 22856 | Orc:2    | Found Ogiurevi's Antique Weapon Boutique.
 22866 | Orc:2    | Received a gift from Okawaru
 23007 | Orc:2    | 23007 ||| Stepping ~*~*~tactically~*~*~ (hiding).
 23278 | Orc:2    | 23278 ||| PLANNING SWAMP:1-3
 23278 | Orc:2    | 23278 ||| DROPPING +1 ring mail "Duixkuaj" {rC++ Int+4
                  | Dex-3}.
 23279 | Orc:2    | 23279 ||| UPGRADING to +3 plate armour of fire resistance.
 23289 | Orc:2    | 23289 ||| DROPPING +0 plate armour.
 23441 | Swamp:1  | Entered Level 1 of the Swamp
 23515 | Swamp:1  | 23515 ||| INVOKING Heroism.
 23540 | Swamp:1  | 23540 ||| Stepping ~*~*~tactically~*~*~ (hiding).
 23560 | Swamp:1  | 23560 ||| Stepping ~*~*~tactically~*~*~ (stealth).
 23562 | Swamp:1  | 23562 ||| Stepping ~*~*~tactically~*~*~ (stealth).
 23564 | Swamp:1  | 23564 ||| Stepping ~*~*~tactically~*~*~ (stealth).
 23596 | Swamp:1  | Noticed Frances
 23597 | Swamp:1  | 23597 ||| INVOKING Heroism.
 23620 | Swamp:1  | Killed Frances
 23621 | Swamp:1  | Reached skill level 12 in Shields
 23686 | Swamp:1  | 23686 ||| Stepping ~*~*~tactically~*~*~ (hiding).
 23692 | Swamp:1  | 23692 ||| Stepping ~*~*~tactically~*~*~ (cloud).
 23696 | Swamp:1  | 23696 ||| Stepping ~*~*~tactically~*~*~ (cloud).
 23697 | Swamp:1  | 23697 ||| INVOKING Heroism.
 23811 | Swamp:1  | Noticed a thorn hunter
 23812 | Swamp:1  | 23812 ||| INVOKING Heroism.
 23820 | Swamp:1  | Killed a thorn hunter
 24094 | Swamp:2  | 24094 ||| INVOKING Heroism.
 24116 | Swamp:2  | 24116 ||| Stepping ~*~*~tactically~*~*~ (hiding).
 24117 | Swamp:2  | 24117 ||| INVOKING Heroism.
 24132 | Swamp:2  | 24132 ||| Stepping ~*~*~tactically~*~*~ (hiding).
 24134 | Swamp:2  | 24134 ||| Stepping ~*~*~tactically~*~*~ (hiding).
 24284 | Swamp:2  | 24284 ||| INVOKING Heroism.
 24287 | Swamp:2  | Received a gift from Okawaru
 24405 | Swamp:2  | 24405 ||| INVOKING Heroism.
 24409 | Swamp:2  | Reached XP level 17. HP: 110/110 MP: 19/22
 24568 | Swamp:2  | 24568 ||| READING scroll of enchant armour.
 24568 | Swamp:2  | 24568 ||| ENCHANTING +3 plate armour of fire resistance.
 24692 | Swamp:2  | 24692 ||| Stepping ~*~*~tactically~*~*~ (hiding).
 25105 | Swamp:3  | Received a gift from Okawaru
 25122 | Swamp:3  | 25122 ||| INVOKING Heroism.
 25167 | Swamp:3  | 25167 ||| Stepping ~*~*~tactically~*~*~ (hiding).
 25178 | Swamp:3  | 25178 ||| Stepping ~*~*~tactically~*~*~ (stealth).
 25179 | Swamp:3  | 25179 ||| Stepping ~*~*~tactically~*~*~ (stealth).
 25180 | Swamp:3  | 25180 ||| Stepping ~*~*~tactically~*~*~ (stealth).
 25181 | Swamp:3  | 25181 ||| Stepping ~*~*~tactically~*~*~ (stealth).
 25255 | Swamp:3  | 25255 ||| Stepping ~*~*~tactically~*~*~ (hiding).
 25269 | Swamp:3  | 25269 ||| INVOKING Heroism.
 25335 | Swamp:3  | 25335 ||| INVOKING Heroism.
 25505 | Swamp:3  | 25505 ||| Stepping ~*~*~tactically~*~*~ (stealth).
 25509 | Swamp:3  | 25509 ||| Stepping ~*~*~tactically~*~*~ (stealth).
 25520 | Swamp:3  | 25520 ||| FLEEEEING.
 25521 | Swamp:3  | 25521 ||| FLEEEEING.
 25523 | Swamp:3  | 25523 ||| FLEEEEING.
 25524 | Swamp:3  | 25524 ||| FLEEEEING.
 25525 | Swamp:3  | 25525 ||| FLEEEEING.
 25528 | Swamp:3  | 25528 ||| FLEEEEING.
 25529 | Swamp:3  | 25529 ||| FLEEEEING.
 25532 | Swamp:3  | 25532 ||| FLEEEEING.
 25533 | Swamp:3  | 25533 ||| FLEEEEING.
 25535 | Swamp:3  | 25535 ||| FLEEEEING.
 25536 | Swamp:3  | 25536 ||| FLEEEEING.
 25543 | Swamp:3  | 25543 ||| INVOKING Heroism.
 25545 | Swamp:3  | Received a gift from Okawaru
 25645 | Swamp:3  | 25645 ||| Stepping ~*~*~tactically~*~*~ (stealth).
 25922 | Swamp:3  | 25922 ||| Stepping ~*~*~tactically~*~*~ (hiding).
 25923 | Swamp:3  | 25923 ||| INVOKING Heroism.
 26076 | Swamp:3  | 26076 ||| PLANNING SNAKE:1-3
 26182 | Snake:1  | Entered Level 1 of the Snake Pit
 26186 | Snake:1  | 26186 ||| STAIRDANCE
 26223 | Snake:1  | Reached skill level 15 in Shields
 26227 | Snake:1  | 26227 ||| Stepping ~*~*~tactically~*~*~ (hiding).
 26310 | Snake:1  | 26310 ||| Stepping ~*~*~tactically~*~*~ (hiding).
 26319 | Snake:1  | Received a gift from Okawaru
 26358 | Snake:1  | 26358 ||| Stepping ~*~*~tactically~*~*~ (hiding).
 26382 | Snake:1  | 26382 ||| Stepping ~*~*~tactically~*~*~ (hiding).
 26563 | Snake:1  | Noticed Aizul
 26563 | Snake:1  | 26563 ||| INVOKING Heroism.
 26565 | Snake:1  | 26565 ||| INVOKING Finesse.
 26570 | Snake:1  | 26570 ||| Stepping ~*~*~tactically~*~*~ (hiding).
 26589 | Snake:1  | Killed Aizul
 26682 | Snake:1  | Received a gift from Okawaru
 26686 | Snake:1  | 26686 ||| INVOKING Heroism.
 26741 | Snake:1  | Noticed Nikola
 26742 | Snake:1  | 26742 ||| INVOKING Heroism.
 26762 | Snake:1  | 26762 ||| Stepping ~*~*~tactically~*~*~ (hiding).
 26763 | Snake:1  | 26763 ||| Stepping ~*~*~tactically~*~*~ (hiding).
 26765 | Snake:1  | 26765 ||| Stepping ~*~*~tactically~*~*~ (hiding).
 26767 | Snake:1  | HP: 22/110 [Nikola/arc of chain lightning (10)]
 26768 | Snake:1  | 26768 ||| READING 6 scrolls of teleportation.
 26770 | Snake:1  | 26770 ||| Stepping ~*~*~tactically~*~*~ (hiding).
 26872 | Snake:1  | 26872 ||| FLEEEEING.
 26873 | Snake:1  | 26873 ||| FLEEEEING.
 26898 | Snake:1  | 26898 ||| FLEEEEING.
 27161 | Snake:1  | 27161 ||| INVOKING Heroism.
 27181 | Snake:1  | HP: 17/110 [Nikola/bolt of lightning (14)]
 27182 | Snake:1  | 27182 ||| READING 5 scrolls of teleportation.
 27183 | Snake:1  | 27183 ||| DRINKING 3 potions of heal wounds.
 27183 | Snake:1  | Killed from afar by Nikola

Levels and vault maps discovered:
D:1:      minmay_arrival_shattered_statue, layout_basic
D:2:      layout_rooms, ebering_ecumenical_altar_box, minivault_25,
          minmay_misc_feat_alley, uniq_crazy_yiuf_cottage, uniq_jessica
D:3:      wad_woods_pond, layout_loops_ring, portal_sewer_entry_e,
          kennysheep_nondescript, serial_bayou_pond_c, uniq_sigmund
D:4:      layout_basic, minmay_goblin_outpost, uniq_menkaure, uniq_grinder,
          uniq_eustachio
D:5:      layout_basic, minmay_temple_entry_statues_pillars,
          nicolae_specific_store
D:6:      layout_rooms, nicolae_overflow_squiral, minmay_strange_pillars
D:7:      layout_rooms, enter_bailey_5, kennysheep_generic_room_14
D:8:      layout_loops_ring, serial_shops, shop, small_statue_intersection,
          uniq_prince_ribbit1, uniq_maggie, uniq_gastronok, uniq_maurice
D:9:      layout_basic, orc_0_dummy, gammafunk_ghost_abyssal_escape
D:10:     layout_rooms
D:11:     layout_loops_corners, erik_lair_orcish_takeover,
          ebering_ghost_reflecting_pool, okawaru_metal_pillars_1_2
D:12:     layout_irregular_city, uniq_snorg, uniq_jorgrun, uniq_psyche,
          uniq_fannar
D:13:     minmay_thick_lines, layout_irregular_city, uniq_sonja
D:14:     lemuel_ogre_cave, layout_basic, david_vaults_2, tso_metal_star,
          uniq_roxanne
D:15:     gammafunk_enter_depths_forms, layout_long_grid, hangedman_glass_teeth,
          serial_bayou, serial_bayou_lagoon_a, serial_bayou_shore_b,
          serial_bayou_lake_a, serial_bayou_pond_e, uniq_louise, uniq_kirke
Temple:   nicolae_temple_bog_church
Lair:1:   layout_long_grid, nicolae_lair_liquid_snakes, grunt_megastairs_1
Lair:2:   layout_loops_ring, minmay_snake_entry_six_corridors
Lair:3:   layout_gridlike, skrybe_swamp_entry_bodies,
          dreamdust_deal_with_the_devil, uniq_nessos
Lair:4:   layout_concentric_octagons, slime_entry_1
Lair:5:   minmay_lair_end_enchanted_forest, layout_small_grid,
          infiniplex_staircase_pool, grunt_megastairs_3, lemuel_fruit_fields
Swamp:1:  layout_falls_marsh, evilmike_swamp_ruin_house_4, swamp_pool1,
          infiniplex_staircase_pool_2, uniq_frances
Swamp:2:  layout_falls_marsh, hangedman_swamp_pad, swamp_pool4, st_swamp_ruins_3
Swamp:3:  layout_basic_swamp, hangedman_swamp_ruin_wall, swamp_pool5
Snake:1:  layout_onion, nicolae_snake_naga_rites, grunt_megastairs_5,
          serial_bayou_shore_b, uniq_aizul, uniq_nikola
Orc:1:    layout_caves
Orc:2:    grunt_orc_gardens, layout_caves, grunt_orc_garden, grunt_orc_garden,
          grunt_orc_garden, grunt_orc_garden, ebering_ghost_gozag

Skill      XL: |  1  2  3  4  5  6  7  8  9 10 11 12 13 14 15 16 17 |
---------------+----------------------------------------------------+-----
Axes           | 2 3 4 5 7 8 9 11 13 15 16 18 | 18.0
Throwing       | 1 2 3 4 7 |  7.0
Fighting       | 4 5 6 8 9 10 11 12 13 | 13.7
Dodging        | 1 2 3 |  3.0
Armour         | 4 5 6 8 10 11 12 | 12.0
Invocations    | 3 4 8 10 | 10.0
Shields        | 4 5 6 7 8 13 16 | 16.0

Action                     |  1- 3 |  4- 6 |  7- 9 | 10-12 | 13-15 | 16-18 || total
---------------------------+-------+-------+-------+-------+-------+-------++-------
  Melee: War axe           |    85 |   100 |   203 |    62 |       |       ||   450
         Broad axe         |       |       |       |   527 |  1049 |   702 ||  2278
  Throw: Javelin           |     3 |    39 |    20 |    37 |    50 |   105 ||   254
         Boomerang         |       |       |     5 |    15 |     8 |     6 ||    34
 Invoke: Heroism           |       |       |     8 |    23 |    29 |    26 ||    86
         Finesse           |       |       |       |       |     9 |     4 ||    13
    Use: Scroll            |     4 |     2 |     9 |     7 |     7 |     4 ||    33
         Potion            |       |     2 |     5 |     2 |       |     1 ||    10
   Stab: Distracted        |       |       |       |     1 |       |       ||     1
 Armour: Scale mail        |    38 |    39 |       |       |       |       ||    77
         Chain mail        |       |    18 |   147 |   115 |       |       ||   280
         Plate armour      |       |       |       |   152 |   456 |   211 ||   819
  Dodge: Dodged            |    53 |    40 |    83 |   294 |   524 |   197 ||  1191
         Repelled          |       |       |       |       |     4 |    13 ||    17
  Block: Buckler           |    16 |    20 |    42 |   125 |   208 |    19 ||   430
         Tower shield      |       |       |       |       |       |   381 ||   381

Table legend:
 A = Non-vault XP
 B = Vault XP
 C = Vault XP percentage of total XP
 D = Non-vault monster count
 E = Vault monster count
 F = Vault count percentage of total count
                 A         B        C        D         E       F
            +---------+---------+-------+---------+---------+-------
      Total |  146002 |   69683 |  32.3 |     664 |     218 |  24.7
            +---------+---------+-------+---------+---------+-------
        D:1 |      46 |       0 |   0.0 |      27 |       0 |   0.0
        D:2 |      31 |      37 |  54.4 |      17 |       1 |   5.6
        D:3 |     143 |     261 |  64.6 |      26 |      10 |  27.8
        D:4 |      28 |     624 |  95.7 |       7 |      10 |  58.8
        D:5 |     792 |       0 |   0.0 |      17 |       0 |   0.0
        D:6 |     458 |       0 |   0.0 |      15 |       0 |   0.0
        D:7 |    2406 |       7 |   0.3 |      29 |       4 |  12.1
        D:8 |    2821 |    2580 |  47.8 |      42 |       4 |   8.7
        D:9 |    2441 |       0 |   0.0 |      33 |       0 |   0.0
       D:10 |    3429 |       0 |   0.0 |      20 |       0 |   0.0
       D:11 |    3561 |     623 |  14.9 |      16 |       9 |  36.0
       D:12 |    2479 |    4068 |  62.1 |      13 |       4 |  23.5
       D:13 |    7155 |    5010 |  41.2 |      23 |       8 |  25.8
       D:14 |   14685 |   10339 |  41.3 |      43 |      25 |  36.8
       D:15 |   10619 |    9165 |  46.3 |      28 |      21 |  42.9
     Lair:1 |    7204 |    1670 |  18.8 |      36 |      14 |  28.0
     Lair:2 |    7086 |    2707 |  27.6 |      27 |      10 |  27.0
     Lair:3 |    8549 |    1688 |  16.5 |      33 |       2 |   5.7
     Lair:4 |   11311 |       0 |   0.0 |      33 |       0 |   0.0
     Lair:5 |   13430 |   12917 |  49.0 |      36 |      55 |  60.4
    Swamp:1 |    7879 |    1207 |  13.3 |      17 |       1 |   5.6
    Swamp:2 |   10974 |    3215 |  22.7 |      23 |       4 |  14.8
    Swamp:3 |   12026 |     417 |   3.4 |      21 |       3 |  12.5
    Snake:1 |   10025 |    4128 |  29.2 |      21 |       6 |  22.2
      Orc:1 |    5272 |       0 |   0.0 |      44 |       0 |   0.0
      Orc:2 |    1152 |    9020 |  88.7 |      17 |      27 |  61.4
            +---------+---------+-------+---------+---------+-------
